 Dungeon Crawl Stone Soup version 0.16-a0-3909-g31f9ca0 (webtiles) character file.

57 PolkaDot the Caller (level 3, -1/25 HPs)
             Began as a Vampire Summoner on Feb 3, 2015.
             Shot with a stone by a goblin (3 damage)
             ... led by Robin
             ... on level 4 of the Dungeon.
             The game lasted 00:04:45 (943 turns).

PolkaDot the Caller (Vampire Summoner)               Turns: 943, Time: 00:04:45

Health: -1/25      AC:  2    Str:  7    XL:     3   Next: 73%
Magic:  2/6        EV: 11    Int: 18    God:
Gold:   97         SH:  4    Dex: 14    Spells: 3 memorised, 0 levels left

rFire  . . .     SeeInvis +     i - -2 dagger (curse)
rCold  . . .     Clarity  .     e - +0 leather armour
rNeg   . . .     SustAb   .     f - +0 buckler
rPois  .         Gourm    .     (no helmet)
rElec  .         Spirit   .     (no cloak)
rCorr  .         Warding  .     d - -2 pair of gloves (curse)
rMut   .         Stasis   .     (no boots)
MR     .....                    (no amulet)
Stlth  ++........               (no ring)
                                (no ring)

@: very slightly contaminated, regenerating quickly, hasted, very quick, not
resistant to hostile enchantments, unstealthy
A: bottle blood, fangs 3, see invisible, unbreathing
a: no special abilities


You were on level 4 of the Dungeon.
You were very full.

You visited 1 branch of the dungeon, and saw 4 of its levels.

You collected 97 gold pieces.

Inventory:

Hand weapons
 g - a +2 dagger of venom
 i - a cursed -2 dagger (weapon)
Armour
 d - a cursed -2 pair of gloves (worn)
 e - a +0 leather armour (worn)
 f - a +0 buckler (worn)
Scrolls
 k - a scroll of enchant armour {unknown}
 l - a scroll of noise {unknown}
Potions
 h - a potion of blood {@*1}
Books
 b - a book of Callings

   Spells                             Type                      Level
   a - Summon Small Mammal            Summoning                    1
   b - Call Imp                       Summoning                    2
   c - Call Canine Familiar           Summoning                    3
   d - Summon Guardian Golem          Hexes/Summoning              4
   e - Summon Lightning Spire         Summoning/Air                4
   f - Summon Ice Beast               Ice/Summoning                4


   Skills:
 - Level 0.3 Fighting
 + Level 1.5 Short Blades
 - Level 2.1 Dodging
 - Level 3.1 Stealth
 * Level 2.0 Shields
 - Level 2.0 Spellcasting
 + Level 4.3 Summonings


You couldn't memorise any spells.
You knew the following spells:

 Your Spells              Type           Power        Failure   Level  Hunger
d - Call Canine Familiar  Summ           ###.....     21%         3    ###....
s - Call Imp              Summ           ###.....     12%         2    ###....
z - Summon Small Mammal   Summ           ###.         8%          1    #......


Dungeon Overview and Level Annotations

Branches:
Dungeon (4/15)
 Temple: D:4-7

Altars:

Shops:
D:4 [


Innate Abilities, Weirdness & Mutations

Your natural rate of healing is unusually fast.
You can bottle blood from corpses.
You have razor-sharp teeth.
You have supernaturally acute eyesight.
You can survive without breathing.


Message History

You see here a stone.
You feel sick.
Casting: Call Canine Familiar
Confirm with . or Enter, or press ? or * to list all spells.
A beastly little devil appears in a puff of flame.
Your hound bites the hobgoblin.
Casting: Call Imp
Confirm with . or Enter, or press ? or * to list all spells.
A beastly little devil appears in a puff of frigid air.
* * * LOW MAGIC WARNING * * *
Your crimson imp hits the hobgoblin.
The hobgoblin dies!
You feel sick.
You are no longer poisoned.
The goblin wields a hunting sling of flaming.
It bursts into flame!
The goblin shoots a stone.
The stone closely misses your hound.
The stone closely misses your crimson imp.
The stone hits you.
You die...

... .....#
...#####8#)#####
..........(.h(.##
......8.∩)8)##g.#
..........g.###h#
.##.###.8##.# #.#
.##......##.# #)##
....<###.#..# #.5#
#....###.#.## ##@#
.....##..#.# #5#
........#..# #.#
....#####.## #..
..........## ##.
.....#....<# .#
.##..#####.######.#
...................
.########..######.#


You could see a goblin, a friendly hound, a friendly crimson imp and a friendly
white imp.

Vanquished Creatures
  A worm (D:2)
  A giant gecko (D:1)
  3 bats (D:1)
  A giant cockroach (D:1)
  5 hobgoblins
  4 jackals (D:1)
  2 kobolds (D:1)
  A giant newt (D:4)
  7 goblins
  4 rats (D:1)
29 creatures vanquished.

Vanquished Creatures (collateral kills)
  Robin (D:4)
  An adder (D:4)
  A bat (D:4)
  A goblin (D:4)
  2 hobgoblins (D:4)
  3 kobolds (D:1)
  A rat (D:1)
10 creatures vanquished.

Vanquished Creatures (others)
  A quokka (D:1)
  A rat (D:1)
2 creatures vanquished.

Grand Total: 41 creatures vanquished

Notes
Turn   | Place    | Note
--------------------------------------------------------------
     0 | D:1      | PolkaDot, the Vampire Summoner, began the quest for the Orb.
     0 | D:1      | Reached XP level 1. HP: 13/13 MP: 3/3
   208 | D:1      | Reached XP level 2. HP: 8/20 MP: 0/4
   364 | D:1      | Reached skill level 1 in Shields
   722 | D:1      | You fall through a shaft!
   727 | D:2      | Reached XP level 3. HP: 12/25 MP: 6/6
   733 | D:2      | Learned a level 2 spell: Call Imp
   737 | D:2      | Learned a level 3 spell: Call Canine Familiar
   830 | D:4      | Reached skill level 1 in Short Blades
   859 | D:4      | Found Yvubrai's Armour Shop.
   901 | D:4      | Noticed Robin
   930 | D:4      | Killed Robin
   943 | D:4      | Shot with a stone by a goblin

Action                   || total
-------------------------++-------
Melee: Spear             ||    18
       Unarmed           ||     3
       Dagger            ||    69
 Cast: Summon Small Mamm ||     9
       Call Imp          ||     2
       Call Canine Famil ||     1
  Use: Potion            ||     6
       Scroll            ||     2
 Stab: Sleeping          ||     4
  Eat: Corpse            ||     7
